[Event "XIX Sants Open 2017"]
[Site "Cotxeres de Sants"]
[Date "2017.08.18"]
[Round "1"]
[White "Mut Company, Guillem"]
[Black "Rodriguez Guillen, Carlos"]
[Result "0-1"]
[ECO "A45"]
[WhiteElo "1948"]
[BlackElo "1752"]
[Annotator "NA"]
[PlyCount "33"]
[EventDate "2017.??.??"]
[EventType "swiss"]
[EventCountry "ESP"]
[SourceTitle "playchess.com"]
[Source "ChessBase"]
[SourceQuality "1"]
[TimeControl "40/5400+30:1800+30"]

1. d4 Nf6 2. Bg5 c5 3. d5 Qb6 4. Nc3 Na6 5. e4 Qxb2 6. Bd2 Nb4 7. Bd3 c4 8. Rb1 Nxd3+ 9. cxd3 Qa3 10. e5 Nxd5 11. Nxd5 Qxd3 12. Nc7+ Kd8 13. Nxa8 Qe4+ 14. Ne2 Qxg2 15. Rg1 Qxh2 16. Bf4 Qh4 17. Qd4 0-1

[Event "XIX Sants Open 2017"]
[Site "Cotxeres de Sants"]
[Date "2017.08.18"]
[Round "1"]
[White "Palomeras Ustrell, Eduard"]
[Black "Petit Montes, Marc"]
[Result "0-1"]
[ECO "D02"]
[WhiteElo "1748"]
[BlackElo "1948"]
[Annotator "NA RC"]
[PlyCount "154"]
[EventDate "2017.??.??"]
[EventType "swiss"]
[EventCountry "ESP"]
[SourceTitle "playchess.com"]
[Source "ChessBase"]
[SourceQuality "1"]
[TimeControl "40/5400+30:1800+30"]

1. d4 d5 2. Nf3 Nf6 3. Bf4 c5 4. e3 Nc6 5. c3 {[%emt 0:01:01] LiveBook: 826 Games} cxd4 6. exd4 e6 7. Nbd2 Bd6 8. Ne5 {[%emt 0:02:10] D02: 1 d4 d5 2 Nf3 sidelines, including 2...Nf6 3 g3 and 2...Nf6 3 Bf4} (8. Bg3 O-O 9. Bd3 a6 10. O-O Bxg3 11. hxg3 b5 12. b4 Qc7 13. Re1 Re8 14. a4 bxa4 15. Qxa4 Bd7 16. b5 {½-½ (94) Kamsky,G (2732)-Wang,Y (2697) Beijing 2011}) 8... Qc7 9. Bb5 Nd7 10. Ndf3 f6 11. Nxd7 Bxd7 $146 ({Find the theoretical novelty and annotate with similar games:} 11... Bxf4 12. Nc5 a6 13. Ba4 {1-0 (13) Garmatz,W (1441)-Blas,I (1873) LSS email 2007}) 12. Bxd6 Qxd6 13. O-O O-O 14. Qc2 e5 15. c4 e4 16. Bxc6 bxc6 17. c5 Qf4 18. Qd2 Qc7 19. Ne1 f5 20. Nc2 f4 21. f3 e3 22. Qc3 Rf6 23. Rfe1 Bf5 24. Nb4 Qf7 25. Nd3 Bxd3 26. Qxd3 Qh5 27. a3 Rh6 28. h3 Qg5 29. Kf1 Qg3 30. Qe2 Rf8 (30... Qh2 $142 31. Qc2 Rg6) 31. b4 Rff6 32. Ra2 Rfg6 33. Qa6 Rf6 34. Qc8+ Rf8 35. Qg4 Qh2 36. h4 Rxh4 37. Qe6+ Kh8 38. Qe7 Rg8 39. Rea1 Qh1+ 40. Ke2 Qxg2+ 41. Kd3 Qg6+ 42. Kc3 Rh3 43. Rf1 Re8 44. Qd7 Qe6 45. Qxe6 Rxe6 46. Re2 g5 47. a4 g4 48. fxg4 f3 49. Ree1 e2 50. Rf2 a6 51. b5 a5 52. b6 Re7 53. Kd2 Kg7 54. Rb1 Rb7 55. Rb3 Rh1 56. Re3 Rd1+ 57. Kc3 e1=Q+ 58. Rxe1 Rxe1 59. Rxf3 Ra1 60. Kb3 Rb1+ 61. Kc3 Rb4 62. Re3 Kf7 63. Rh3 Kg6 64. Re3 Kf6 65. Re8 Re7 66. Rc8 Re3+ 67. Kd2 Re6 68. Ra8 Rxd4+ 69. Kc3 $19 Rc4+ 70. Kd3 Rb4 71. Rxa5 Ree4 72. Ra7 Rxa4 73. Rxh7 Rxg4 74. Rc7 Ra3+ 75. Kc2 Rg2+ 76. Kb1 Rh3 77. Rxc6+ Ke5 0-1

[Event "XIX Sants Open 2017"]
[Site "Cotxeres de Sants"]
[Date "2017.08.18"]
[Round "1"]
[White "Martinez Torras, Pol"]
[Black "Latorre Coma, Antoni"]
[Result "0-1"]
[ECO "D24"]
[WhiteElo "1647"]
[BlackElo "1423"]
[Annotator "NA RC"]
[PlyCount "160"]
[EventDate "2017.??.??"]
[EventType "swiss"]
[EventCountry "ESP"]
[SourceTitle "playchess.com"]
[Source "ChessBase"]
[SourceQuality "1"]
[TimeControl "40/5400+30:1800+30"]

1. d4 d5 2. Nf3 Nf6 3. c4 dxc4 4. Nc3 e6 5. Bg5 Be7 6. e3 c5 7. Bxc4 cxd4 8. exd4 Nc6 9. O-O O-O 10. a3 Nd5 11. Bxe7 Ncxe7 12. Qb3 b6 13. Bxd5 Nxd5 14. Rac1 Bb7 15. Rfd1 Nf4 16. Ne1 Qg5 17. g3 Ba6 18. h4 Nh3+ 19. Kh2 Qf5 20. Qc2 Nxf2 21. Qxf5 exf5 22. Rd2 Ng4+ 23. Kg1 Rfe8 24. Ng2 Ne3 25. Nxe3 Rxe3 26. Kf2 Rae8 27. Rcd1 h6 28. d5 f4 29. gxf4 Rh3 30. Ne2 Rh2+ 31. Kg1 Rhxe2 32. d6 Rxd2 33. Rxd2 Rd8 34. Kf2 Bc8 35. Ke3 f6 36. Ke4 g6 37. Kd5 Bd7 38. Rc2 Kf7 39. Rc7 a6 40. b4 g5 41. fxg5 f5 42. gxh6 Kg6 43. h7 Kxh7 44. Ke5 Kg6 45. Ra7 Re8+ 46. Kf4 Re4+ 47. Kf3 Bb5 48. a4 Bc6 49. Kf2 Bxa4 50. Rxa6 Bd7 51. Rxb6 Rxh4 52. Rb7 Be8 53. Re7 Bb5 54. Rb7 Rxb4 55. d7 Rf4+ 56. Kg3 Rg4+ 57. Kf2 Bxd7 58. Rxd7 Kg5 59. Rg7+ Kf4 60. Rb7 Ke4 61. Rb4+ Ke5 62. Rb5+ Kf6 63. Rb6+ Kg5 64. Rb8 Re4 65. Rb3 Rf4+ 66. Kg2 Rg4+ 67. Kf2 Ra4 68. Rb2 f4 69. Rc2 Kg4 70. Rb2 Ra3 71. Kg2 Rg3+ 72. Kf2 Rh3 73. Kg1 Kg3 74. Rb3+ f3 75. Rb2 Rh8 76. Rd2 Re8 77. Kf1 Ra8 78. Rd1 Ra2 79. Ke1 Kg2 80. Rd6 f2+ 0-1

[Event "XIX Sants Open 2017"]
[Site "Cotxeres de Sants"]
[Date "2017.08.18"]
[Round "1"]
[White "Berlanda, Giuseppe"]
[Black "Serrano Batova, Vicent"]
[Result "0-1"]
[ECO "B08"]
[WhiteElo "1638"]
[BlackElo "1419"]
[Annotator "NA"]
[PlyCount "89"]
[EventDate "2017.??.??"]
[EventType "swiss"]
[EventCountry "ESP"]
[SourceTitle "playchess.com"]
[Source "ChessBase"]
[SourceQuality "1"]
[TimeControl "40/5400+30:1800+30"]

1. e4 d6 2. d4 Nf6 3. Nc3 g6 4. Nf3 Bg7 5. Bc4 O-O 6. O-O Nbd7 7. Bf4 b6 8. Re1 Bb7 9. Qd2 c5 10. Rad1 cxd4 11. Nd5 e5 12. Bg5 Bxd5 13. Bxd5 Rc8 14. Qb4 Nxd5 15. exd5 f6 16. Bc1 Qc7 17. Nd2 Qc5 18. Qa4 b5 19. Qb3 a6 20. Ne4 Qxc2 21. Qa3 Nb6 22. Qxd6 Qc7 23. Qe6+ Kh8 24. Qh3 Nxd5 25. Bd2 Qe7 26. Rc1 Rxc1 27. Rxc1 Nb6 28. a3 Qd7 29. Qf3 Qf5 30. Qe2 Nc4 31. Bb4 Rd8 32. f3 Qf4 33. Rd1 Qe3+ 34. Qf2 Qxf2+ 35. Kxf2 Nxb2 36. Rd2 Nc4 37. Rd3 Re8 38. f4 f5 39. Ng5 e4 40. Rd1 d3 41. Nf7+ Kg8 42. Ne5 Bxe5 43. fxe5 e3+ 44. Kf3 Nxe5+ 45. Kxe3 0-1

[Event "XIX Sants Open 2017"]
[Site "Cotxeres de Sants"]
[Date "2017.08.18"]
[Round "1"]
[White "Arias Aranda, Guillem"]
[Black "Aparicio Escudero, Hector F"]
[Result "0-1"]
[ECO "B00"]
[WhiteElo "1419"]
[BlackElo "1641"]
[Annotator "NA"]
[PlyCount "94"]
[EventDate "2017.??.??"]
[EventType "swiss"]
[EventCountry "ESP"]
[SourceTitle "playchess.com"]
[Source "ChessBase"]
[SourceQuality "1"]
[TimeControl "40/5400+30:1800+30"]

1. e4 Nc6 2. Nf3 d6 3. d4 Nf6 4. d5 Ne5 5. Nxe5 dxe5 6. Nc3 e6 7. Bb5+ Bd7 8. dxe6 fxe6 9. Bxd7+ Qxd7 10. Qxd7+ Kxd7 11. Bd2 Bc5 12. O-O-O Ke7 13. f3 Rad8 14. Bg5 h6 15. Bh4 Be3+ 16. Kb1 Rxd1+ 17. Rxd1 Rd8 18. Rxd8 Kxd8 19. Ne2 g5 20. Bg3 Bf4 21. h3 Bxg3 22. Nxg3 h5 23. Kc1 Ke7 24. Kd2 Kf7 25. Ke2 h4 26. Nf1 Nh5 27. Ne3 Nf4+ 28. Kf2 Kg7 29. Ng4 Ng6 30. Ne3 Nf4 31. Nc4 Kf6 32. Na5 b6 33. Nc6 a5 34. Na7 Ke7 35. Nb5 c6 36. Nc3 Kd6 37. Ne2 b5 38. a3 b4 39. axb4 axb4 40. Nxf4 exf4 41. Ke2 Kc5 42. Kd3 e5 43. b3 Kb5 44. c4+ Kc5 45. Kc2 Kd4 46. c5 Ke3 47. Kd1 Kd3 0-1

[Event "XIX Sants Open 2017"]
[Site "Cotxeres de Sants"]
[Date "2017.08.19"]
[Round "2"]
[White "Petit Montes, Marc"]
[Black "Abarca Garcia, Xavier"]
[Result "1-0"]
[ECO "A01"]
[WhiteElo "1948"]
[BlackElo "1796"]
[Annotator "NA RC"]
[PlyCount "109"]
[EventDate "2017.??.??"]
[EventType "swiss"]
[EventCountry "ESP"]
[SourceTitle "playchess.com"]
[Source "ChessBase"]
[SourceQuality "1"]
[TimeControl "40/5400+30:1800+30"]

1. b3 e5 2. Bb2 Nc6 3. e3 Nf6 4. Bb5 Bd6 5. Bxc6 {[%emt 0:06:49] A01: Nimzowitsch-Larsen Opening} (5. Na3 a6 6. Be2 Be7 7. Nc4 e4 8. d4 d5 9. Ne5 O-O 10. Nxc6 bxc6 11. c4 a5 12. Qc2 Bb4+ 13. Bc3 {1-0 (34) Vachier Lagrave,M (2796)-Anand,V (2786) Stavanger 2017}) 5... dxc6 6. d3 e4 7. d4 $146 ({Predecessor:} 7. Ne2 Bf5 8. Nbc3 Qe7 9. Ng3 Bxg3 10. hxg3 exd3 11. cxd3 O-O-O 12. d4 h5 {1-0 (63) Savchenko,B (2607)-Lorparizangeneh,S (2456) Dubai 2016}) 7... O-O 8. Ne2 Qe7 9. c4 Bb4+ 10. Nbc3 Bg4 11. h3 Bxe2 12. Qxe2 Nd7 13. a3 Bxc3+ 14. Bxc3 a5 15. O-O f5 16. Qd2 b6 17. Rfd1 Rfd8 18. Qb2 Nf6 19. Rac1 Kf7 20. Rc2 Rd7 21. Rcd2 Rad8 22. a4 Qe6 23. Qc2 Kg8 24. Bb2 Qf7 25. Qc3 h6 26. b4 axb4 27. Qxb4 Qf8 28. Qc3 Qf7 29. Qc2 Qe7 30. Bc3 Qe6 31. Bb4 Kf7 32. a5 Ra8 33. Ra1 c5 34. d5 Qe8 35. Bc3 bxa5 36. Rxa5 Qb8 37. Rxc5 Qb6 38. Rb5 Qa6 39. Qb2 Ne8 40. Ra5 Qc8 41. Rxa8 Qxa8 42. Be5 Qa6 43. c5 Qc4 44. Qd4 Qxd4 45. Rxd4 Nf6 46. Bxf6 Kxf6 47. f4 exf3 48. gxf3 g5 49. f4 gxf4 50. exf4 Ke7 51. Kf2 Rd8 52. Rd3 $18 Rd7 53. Ke3 Ke8 54. Kd4 Re7 55. Re3 1-0

[Event "XIX Sants Open 2017"]
[Site "Cotxeres de Sants"]
[Date "2017.08.19"]
[Round "2"]
[White "Marza Vendrell, Conrado"]
[Black "Zvereva, Margarita"]
[Result "1-0"]
[ECO "D02"]
[WhiteElo "1943"]
[BlackElo "1795"]
[Annotator "NA"]
[PlyCount "81"]
[EventDate "2017.??.??"]
[EventType "swiss"]
[EventCountry "ESP"]
[SourceTitle "playchess.com"]
[Source "ChessBase"]
[SourceQuality "1"]
[TimeControl "40/5400+30:1800+30"]

1. d4 d5 2. Nf3 e6 3. c4 Nf6 4. g3 c6 5. Bg2 Bb4+ 6. Bd2 Be7 7. Nc3 O-O 8. e3 b6 9. cxd5 cxd5 10. O-O Ba6 11. Re1 Nc6 12. Qa4 Bb7 13. Rec1 a6 14. Qd1 b5 15. Bf1 b4 16. Na4 Ne4 17. b3 f5 18. Be1 g5 19. Nd2 Nf6 20. Nc5 Bxc5 21. Rxc5 f4 22. Rac1 fxe3 23. fxe3 Qe8 24. Bf2 Rc8 25. Bg2 Qf7 26. Qe2 Ng4 27. Rf1 Nxf2 28. Rxf2 Qg6 29. Rxf8+ Rxf8 30. Rc1 Rc8 31. Nf3 Kg7 32. Qd2 h6 33. Bf1 Qf5 34. Be2 Rf8 35. Rf1 Qg6 36. Bd3 Qh5 37. Qg2 Rc8 38. Bb1 g4 39. Nh4 Ne7 40. Qf2 Kg8 41. Qf6 1-0

[Event "XIX Sants Open 2017"]
[Site "Cotxeres de Sants"]
[Date "2017.08.19"]
[Round "2"]
[White "Mamah, Isabelle"]
[Black "Mut Company, Guillem"]
[Result "1/2-1/2"]
[ECO "B13"]
[WhiteElo "1807"]
[BlackElo "1948"]
[Annotator "NA RC"]
[PlyCount "219"]
[EventDate "2017.??.??"]
[EventType "swiss"]
[EventCountry "ESP"]
[SourceTitle "playchess.com"]
[Source "ChessBase"]
[SourceQuality "1"]
[TimeControl "40/5400+30:1800+30"]

1. e4 c6 2. d4 d5 3. exd5 cxd5 4. Bd3 Nc6 5. c3 Qc7 6. Nf3 Bg4 7. O-O e6 {[%emt 0:01:28] LiveBook: 27 Games B13: Caro-Kann: Exchange Variation and Panov-Botvinnik Attack} 8. Nbd2 (8. h3 $5 Bh5 9. Re1 $11) 8... Bd6 9. h3 Bh5 10. Re1 Nge7 11. Qa4 O-O 12. Qc2 Bg6 13. Nf1 Nb4 14. cxb4 Qxc2 15. Bxc2 Bxc2 16. Bd2 $146 Rac8 17. Bc3 Rc7 18. Ne3 Ba4 19. a3 Bf4 20. g3 Bxe3 21. fxe3 Nf5 22. Kf2 Nd6 23. Nd2 Nb5 24. Rac1 Rfc8 25. Nb1 Nd6 26. Nd2 h6 27. Kf3 Bd7 28. h4 b6 29. Rg1 Nb5 30. Nb1 Nd6 31. Nd2 h5 32. e4 dxe4+ 33. Ke3 Bc6 34. Rcf1 Bb5 35. Rf4 Bd3 36. Nxe4 Bxe4 37. Rxe4 Rxc3+ 38. bxc3 Rxc3+ 39. Kf4 Nxe4 40. Kxe4 Rxa3 41. d5 exd5+ 42. Kxd5 a5 43. bxa5 bxa5 44. Kc4 f5 45. Kd5 Kf7 46. Ke5 g6 47. Kf4 Kf6 48. Rc1 Ra4+ 49. Kf3 Re4 50. Rc6+ Re6 51. Rc4 Ra6 52. Ra4 Ke5 53. Ke3 Kd5 54. Kd3 Kc5 55. Kc3 Kb5 56. Rd4 a4 57. Kb2 a3+ 58. Ka2 Kc5 59. Rf4 Kd5 60. Rb4 Ke5 61. Rc4 Rd6 62. Rc3 Ke4 63. Rxa3 Rd2+ 64. Kb1 Rd3 65. Ra4+ Kd5 66. Ra5+ Kc4 67. Kc2 Rxg3 68. Kd2 Kd4 69. Ke2 Ke4 70. Kf2 f4 71. Rb5 Ra3 72. Rb4+ Kf5 73. Rb5+ Ke4 74. Rb4+ Ke5 75. Rb5+ Kf6 76. Rb6+ Kf5 77. Rb5+ Kg4 78. Rg5+ Kxh4 79. Rxg6 Rg3 80. Rf6 Kg5 81. Rf8 h4 82. Rg8+ Kf5 83. Rf8+ Kg4 84. Rg8+ Kh3 85. Rf8 Rg4 86. Kf3 Rg1 87. Kf2 Rg2+ 88. Kf3 Kh2 89. Rxf4 h3 90. Rh4 Rg3+ 91. Kf2 Rg8 92. Rf4 Rg2+ 93. Kf1 Kg3 94. Rf7 Ra2 95. Rg7+ {[%emt 0:01:06] [#]} Kh2 $1 96. Rg6 Ra1+ 97. Kf2 Ra2+ 98. Kf1 Rg2 99. Rh6 Rg4 $11 100. Rf6 Kh1 101. Kf2 Ra4 102. Kf1 Kh2 103. Rf3 Ra2 104. Rf8 Ra3 105. Kf2 Kh1 106. Kf1 h2 107. Rf7 Ra2 108. Rf6 Ra1+ 109. Kf2 Rg1 110. Rf7 1/2-1/2

[Event "XIX Sants Open 2017"]
[Site "Cotxeres de Sants"]
[Date "2017.08.19"]
[Round "2"]
[White "Aparicio Escudero, Hector F"]
[Black "Torres Janer, Marc"]
[Result "1/2-1/2"]
[ECO "A43"]
[WhiteElo "1641"]
[BlackElo "1503"]
[Annotator "NA"]
[PlyCount "108"]
[EventDate "2017.??.??"]
[EventType "swiss"]
[EventCountry "ESP"]
[SourceTitle "playchess.com"]
[Source "ChessBase"]
[SourceQuality "1"]
[TimeControl "40/5400+30:1800+30"]

1. d4 c5 2. c3 cxd4 3. cxd4 d6 4. e4 Nc6 5. Nf3 Nf6 6. Nc3 e6 7. Bb5 Bd7 8. O-O Be7 9. e5 Nd5 10. Nxd5 exd5 11. Bf4 Nxe5 12. Bxd7+ Nxd7 13. Qb3 Nb6 14. Rac1 O-O 15. Rc2 Qd7 16. Rfc1 Rfc8 17. Qd3 Rxc2 18. Rxc2 Rc8 19. b3 Rxc2 20. Qxc2 Qc8 21. Qe2 Qe6 22. Kf1 Qe4 23. Bg3 Qxe2+ 24. Kxe2 Nd7 25. Ne1 h6 26. Nc2 g6 27. Ne3 Nb6 28. a4 a5 29. f3 Nc8 30. Nxd5 Kf8 31. Kd3 Ke8 32. Kc4 Kd7 33. Be1 Bd8 34. Bd2 h5 35. h3 Kc6 36. Nc3 Nb6+ 37. Kd3 Nd5 38. Ne4 b6 39. Kc4 Nc7 40. Nc3 d5+ 41. Kd3 Bf6 42. Bf4 Ne6 43. Be3 Nc7 44. Ne2 Ne6 45. Nf4 Nxf4+ 46. Bxf4 Kd7 47. Be5 Bd8 48. Ke3 Ke6 49. g4 h4 50. Kd3 Kd7 51. Bh2 g5 52. Bg1 f6 53. Be3 Bc7 54. Bd2 Bd6 1/2-1/2

[Event "XIX Sants Open 2017"]
[Site "Cotxeres de Sants"]
[Date "2017.08.19"]
[Round "2"]
[White "Shadrin, Ilya"]
[Black "Sanchez Viana, Jordi"]
[Result "1/2-1/2"]
[ECO "A01"]
[WhiteElo "1628"]
[BlackElo "1498"]
[Annotator "NA"]
[PlyCount "66"]
[EventDate "2017.??.??"]
[EventType "swiss"]
[EventCountry "ESP"]
[SourceTitle "playchess.com"]
[Source "ChessBase"]
[SourceQuality "1"]
[TimeControl "40/5400+30:1800+30"]

1. b3 e5 2. Bb2 d6 3. e3 Nf6 4. d4 exd4 5. Bxd4 Be7 6. Nf3 Bg4 7. Bd3 Nc6 8. Bb2 Ne5 9. Nbd2 Nxd3+ 10. cxd3 O-O 11. O-O d5 12. Rc1 Bd6 13. Qc2 c6 14. Be5 Ba3 15. Rb1 Bd6 16. Qc3 Re8 17. a3 Qe7 18. Bxd6 Qxd6 19. b4 Nd7 20. Qd4 Qg6 21. Nh4 Qe6 22. h3 Bh5 23. g4 Bg6 24. Nxg6 hxg6 25. Kh2 Qe5+ 26. Qxe5 Nxe5 27. d4 Nd7 28. Nb3 Nb6 29. Na5 Re7 30. Rfc1 a6 31. Rc2 Nc8 32. Rbc1 Nd6 33. a4 Rae8 1/2-1/2

[Event "XIX Sants Open 2017"]
[Site "Cotxeres de Sants"]
[Date "2017.08.19"]
[Round "2"]
[White "Ortiz Padro, Pol"]
[Black "Fernandez Benito, Carlos Pablo"]
[Result "1/2-1/2"]
[ECO "C00"]
[WhiteElo "1500"]
[BlackElo "1632"]
[Annotator "NA"]
[PlyCount "56"]
[EventDate "2017.??.??"]
[EventType "swiss"]
[EventCountry "ESP"]
[SourceTitle "playchess.com"]
[Source "ChessBase"]
[SourceQuality "1"]
[TimeControl "40/5400+30:1800+30"]

1. e4 e6 2. d4 d5 3. Bd3 dxe4 4. Bxe4 Nf6 5. Bf3 Be7 6. Ne2 O-O 7. c4 c6 8. Nbc3 Nbd7 9. Bf4 Re8 10. O-O Nf8 11. Re1 Ng6 12. Bg3 Bd6 13. Ne4 Bxg3 14. N2xg3 Nxe4 15. Bxe4 f5 16. Bc2 Bd7 17. Qd2 Qh4 18. b3 Rad8 19. d5 cxd5 20. cxd5 Bc6 21. d6 Nf4 22. f3 Nh5 23. Nxh5 Qxh5 24. Re5 Bd5 25. Bxf5 Qf7 26. Qd3 g6 27. Be4 Rxd6 28. Re1 Red8 1/2-1/2

[Event "XIX Sants Open 2017"]
[Site "Cotxeres de Sants"]
[Date "2017.08.20"]
[Round "3"]
[White "Casset Bello, Elena"]
[Black "Gonzalez Lafita, Oscar"]
[Result "1-0"]
[ECO "D35"]
[WhiteElo "1936"]
[BlackElo "1839"]
[Annotator "NA"]
[PlyCount "53"]
[EventDate "2017.??.??"]
[EventType "swiss"]
[EventCountry "ESP"]
[SourceTitle "playchess.com"]
[Source "ChessBase"]
[SourceQuality "1"]
[TimeControl "40/5400+30:1800+30"]

1. d4 d5 2. c4 e6 3. cxd5 exd5 4. Nc3 Nf6 5. Bg5 c6 6. e3 Be7 7. Qc2 Nh5 8. Bxe7 Qxe7 9. Nxd5 cxd5 10. Qxc8+ Qd8 11. Bb5+ Nc6 12. Bxc6+ bxc6 13. Qxc6+ Ke7 14. Qc5+ Ke6 15. Nf3 Rc8 16. Qxa7 Rc2 17. O-O Qc8 18. b4 Rc7 19. Qa3 Qb7 20. Rac1 Rhc8 21. Rxc7 Rxc7 22. Ne5 Qc8 23. Qa4 Rc2 24. Nd3 Ke7 25. Nc5 Rb2 26. Qa3 Re2 27. b5 1-0

[Event "XIX Sants Open 2017"]
[Site "Cotxeres de Sants"]
[Date "2017.08.20"]
[Round "3"]
[White "Olive Oller, Guim"]
[Black "Petit Montes, Marc"]
[Result "0-1"]
[ECO "D10"]
[WhiteElo "1848"]
[BlackElo "1948"]
[Annotator "NA RC"]
[PlyCount "120"]
[EventDate "2017.??.??"]
[EventType "swiss"]
[EventCountry "ESP"]
[SourceTitle "playchess.com"]
[Source "ChessBase"]
[SourceQuality "1"]
[TimeControl "40/5400+30:1800+30"]

1. d4 d5 2. Nf3 Nf6 3. c4 c6 4. cxd5 cxd5 5. Nc3 Nc6 6. Bg5 Ne4 7. Bh4 Qa5 {[%emt 0:03:40] D13: Slav Defence: Exchange variation without ...Bf5} (7... Qb6 8. e3 Bf5 9. Nxd5 Qa5+ 10. Nc3 Nxc3 11. bxc3 Qxc3+ 12. Nd2 e6 13. Bb5 Bb4 14. a3 Ba5 15. Ra2 Bd3 16. Bxd3 Qxd3 17. Qc2 Bxd2+ 18. Qxd2 Qb1+ {0-1 (18) Guliev,S (2403)-Gadimbayli,A (2315) Baku 2017}) 8. Qb3 e6 9. e3 Nxc3 10. bxc3 Bd6 11. Bd3 b6 $146 ({Predecessor:} 11... Qc7 12. O-O Na5 13. Qc2 Nc4 {0-1 (30) Mustafina,Y (1781)-Matsenko,A (1939) Anapa 2009}) 12. O-O Ba6 13. c4 dxc4 14. Bxc4 Bxc4 15. Qxc4 Rc8 16. Rfc1 O-O 17. a4 Rc7 18. Qb5 Rfc8 19. Bg3 Bxg3 20. hxg3 Qxb5 21. axb5 Nxd4 22. Rxc7 Nxf3+ 23. gxf3 Rxc7 24. Kf1 Kf8 25. Ke2 Ke7 26. Kd3 Kd7 27. Ra4 Kc8 28. Rh4 h6 29. Rg4 f6 30. Re4 Rc5 31. Rg4 Rg5 32. Rb4 Kb7 33. f4 Rc5 34. Rd4 Rxb5 35. Rd7+ Ka6 ({Black should try} 35... Kc6 $15 36. Rxa7 Rd5+ 37. Kc4 Rd7) 36. Rxg7 Rd5+ 37. Kc3 Rc5+ 38. Kd3 Rd5+ 39. Kc3 f5 40. Rh7 b5 41. Rxh6 Rd6 42. f3 Kb6 43. g4 Kc5 44. g5 (44. Rh5 $1 $11 {keeps the balance.}) 44... b4+ 45. Kb2 Kc4 46. g6 $2 (46. Rh2 $17) 46... Rd2+ 47. Kc1 Rg2 48. Rh7 a5 49. e4 Rxg6 50. exf5 exf5 (50... Rg1+ $142 51. Kc2 Rg2+ 52. Kc1 exf5 53. Rh5 Kc3 54. Rh1 Rf2 55. Kb1 a4 56. Ka1 b3 57. Kb1 Rxf3 58. Rg1 Rxf4 59. Rc1+ Kb4 60. Rc6 Rf1+ 61. Rc1 Rxc1+ 62. Kxc1 a3 63. Kd2 a2 64. Ke3 a1=Q 65. Kf3 b2 66. Kg3 b1=Q 67. Kf4 Qe4+ 68. Kg5 Qg7+ 69. Kh5 Qh1#) 51. Ra7 Kb5 (51... Rg1+ $142 52. Kb2 Rg2+ 53. Kc1 {[#]} a4 $1 ) 52. Rf7 Rc6+ 53. Kb2 Rc5 54. Rf8 a4 55. Rf7 Kc4 (55... a3+ $142 56. Kb1 Ka4 57. Rd7 Rc3 58. Rh7 Rxf3 59. Ra7+ Kb3 60. Kc1 Rxf4 61. Kd2 a2 62. Ke3 Re4+ 63. Kd3 Kb2 64. Ra5 a1=Q 65. Rxa1 Kxa1 66. Kc2 Ka2 67. Kd2 b3 68. Kc3 b2 69. Kc2 b1=Q+ 70. Kd2 Qb2+ 71. Kd3 Qe2+ 72. Kc3 Rc4#) 56. Rd7 Rd5 57. Ra7 a3+ 58. Kc1 Kb3 59. Re7 Rc5+ 60. Kd1 a2 0-1

[Event "XIX Sants Open 2017"]
[Site "Cotxeres de Sants"]
[Date "2017.08.20"]
[Round "3"]
[White "Barroso Quinones, Antonio"]
[Black "Marza Vendrell, Conrado"]
[Result "0-1"]
[ECO "A56"]
[WhiteElo "1846"]
[BlackElo "1943"]
[Annotator "NA RC"]
[PlyCount "118"]
[EventDate "2017.??.??"]
[EventType "swiss"]
[EventCountry "ESP"]
[SourceTitle "playchess.com"]
[Source "ChessBase"]
[SourceQuality "1"]
[TimeControl "40/5400+30:1800+30"]

1. d4 Nf6 2. c4 c5 3. d5 e5 4. g3 d6 5. Bg2 Be7 6. e3 Nbd7 7. Ne2 Nf8 8. Nbc3 Ng6 9. O-O O-O 10. a4 Bd7 11. a5 Qc8 12. Ne4 Nxe4 13. Bxe4 Bh3 14. Bg2 Bxg2 15. Kxg2 f5 16. Bd2 Qd7 17. a6 b6 18. Qa4 Rfd8 19. f4 exf4 20. exf4 Bf6 21. Qxd7 Rxd7 22. Bc3 Re8 23. Kf2 Re4 24. Bxf6 gxf6 25. Rac1 Ne7 26. Rfe1 b5 27. b3 b4 28. Ng1 Nc8 29. Nf3 Kf7 30. Nh4 Ne7 31. Rxe4 fxe4 32. f5 Nc8 33. Re1 Re7 34. Ke3 Nb6 35. Kf4 (35. Ng2 $18) 35... Nd7 36. Rxe4 Rxe4+ 37. Kxe4 Nb8 38. Ng2 Nxa6 39. Nf4 Nb8 40. Ne6 Nd7 41. Nd8+ Ke8 42. Nb7 Ke7 43. h4 Ne5 44. Kf4 Nxc4 45. g4 ({But not} 45. bxc4 $2 b3) 45... Nb6 (45... a5 $142 46. Ke4 Nd2+ 47. Kd3 Nxb3) 46. Ke4 c4 47. bxc4 Nxc4 48. Kd3 b3 49. Kc3 b2 50. Kc2 a5 51. g5 fxg5 52. hxg5 a4 53. f6+ Ke8 54. Nxd6+ Nxd6 55. Kxb2 Ne4 56. Ka3 Nxg5 57. Kxa4 h5 58. Kb5 h4 59. d6 Kd7 0-1

[Event "XIX Sants Open 2017"]
[Site "Cotxeres de Sants"]
[Date "2017.08.20"]
[Round "3"]
[White "Serentill Tost, Eduard"]
[Black "Lopez Arjona, Emilio"]
[Result "0-1"]
[ECO "B84"]
[WhiteElo "1619"]
[BlackElo "1547"]
[Annotator "NA"]
[PlyCount "43"]
[EventDate "2017.??.??"]
[EventType "swiss"]
[EventCountry "ESP"]
[SourceTitle "playchess.com"]
[Source "ChessBase"]
[SourceQuality "1"]
[TimeControl "40/5400+30:1800+30"]

1. e4 c5 2. Nf3 d6 3. d4 cxd4 4. Nxd4 Nf6 5. Nc3 a6 6. Be2 e6 7. Be3 Be7 8. Qd2 Qc7 9. O-O-O e5 10. Nf3 O-O 11. h3 b5 12. Nd5 Nxd5 13. exd5 Bf5 14. g4 Be4 15. Rhg1 Nd7 16. Ng5 Bxg5 17. Bxg5 Rfc8 18. c3 Qa5 19. b4 Qa3+ 20. Qb2 Rxc3+ 21. Kd2 Rc1 22. Qb1 0-1

[Event "XIX Sants Open 2017"]
[Site "Cotxeres de Sants"]
[Date "2017.08.20"]
[Round "3"]
[White "Leiro Pelaez, Alex"]
[Black "Maza Navarro, Llorens"]
[Result "0-1"]
[ECO "B90"]
[WhiteElo "1618"]
[BlackElo "1542"]
[Annotator "NA"]
[PlyCount "90"]
[EventDate "2017.??.??"]
[EventType "swiss"]
[EventCountry "ESP"]
[SourceTitle "playchess.com"]
[Source "ChessBase"]
[SourceQuality "1"]
[TimeControl "40/5400+30:1800+30"]

1. e4 c5 2. Nf3 d6 3. d4 cxd4 4. Nxd4 Nf6 5. Nc3 a6 6. f3 e6 7. Be3 Be7 8. Qd2 Bd7 9. O-O-O Nc6 10. g4 O-O 11. g5 Ne8 12. h4 b5 13. Nxc6 Bxc6 14. h5 f5 15. gxf6 Bxf6 16. Bh3 Bd7 17. Rhg1 Qa5 18. Kb1 Bxc3 19. Qxc3 Qxc3 20. bxc3 Rxf3 21. Bxe6+ Bxe6 22. Bd4 Rb8 23. a3 a5 24. Bxg7 Nxg7 25. h6 Rf7 26. Rxd6 Bc4 27. Kb2 Kf8 28. hxg7+ Rxg7 29. Re1 Rg6 30. Rd7 Re8 31. Rxh7 Rge6 32. e5 Rxe5 33. Rh8+ Kf7 34. Rxe8 Rxe8 35. Rd1 Re2 36. a4 bxa4 37. Rd4 Bb3 38. Rd7+ Ke6 39. Ra7 Rxc2+ 40. Kb1 a3 41. Rxa5 a2+ 42. Ka1 Rxc3 43. Kb2 Rh3 44. Ka1 Rh1+ 45. Kb2 Rb1+ 0-1

[Event "XIX Sants Open 2017"]
[Site "Cotxeres de Sants"]
[Date "2017.08.20"]
[Round "3"]
[White "Lopez Oliva, Victor"]
[Black "Kulev, Atanas"]
[Result "1-0"]
[ECO "B40"]
[WhiteElo "1530"]
[BlackElo "1618"]
[Annotator "NA"]
[PlyCount "95"]
[EventDate "2017.??.??"]
[EventType "swiss"]
[EventCountry "ESP"]
[SourceTitle "playchess.com"]
[Source "ChessBase"]
[SourceQuality "1"]
[TimeControl "40/5400+30:1800+30"]

1. e4 c5 2. Nf3 e6 3. d4 cxd4 4. c3 dxc3 5. Nxc3 Nc6 6. Bc4 Bb4 7. Bd2 a6 8. a3 Bc5 9. O-O d6 10. b4 Bb6 11. Qe2 Nd4 12. Nxd4 Bxd4 13. Rfd1 Nf6 14. Rac1 b5 15. Bb3 Bb7 16. Bg5 Bxc3 17. Rxc3 h6 18. Bxf6 Qxf6 19. Rcd3 O-O 20. Rxd6 Rfd8 21. e5 Qg5 22. f4 Qe7 23. Qd2 Rxd6 24. Qxd6 Qxd6 25. exd6 Rd8 26. g3 Kf8 27. Kf2 Ke8 28. Ke3 Kd7 29. f5 Rc8 30. fxe6+ fxe6 31. Rd3 e5 32. Bd1 Rc4 33. Bb3 Rc8 34. Bd5 Bxd5 35. Rxd5 Ke6 36. d7 Rd8 37. Ke4 g6 38. Rxe5+ Kxd7 39. Rd5+ Ke7 40. Rxd8 Kxd8 41. Kd5 Kd7 42. g4 g5 43. h3 Kc7 44. Ke6 Kc6 45. Ke5 a5 46. Ke6 axb4 47. axb4 Kb6 48. Kd6 1-0